 Dungeon Sprint DCSS version 0.27-a0-1322-gfdffb62a71 (webtiles) character file.

Game seed: 13370730507913520779

17544 mhtbhm the Impaler (level 12, -13/125 HPs)
             Began as a White Draconian Berserker on June 22, 2021.
             Was the Champion of Trog.
             Mangled by a white very ugly thing (23 damage)
             ... in the Dungeon (Sprint IX: "|||||||||||||||||||||||||||||").
             The game lasted 00:04:55 (2483 turns).

mhtbhm the Impaler (White Draconian Berserker)      Turns: 2483, Time: 00:04:56

Health: -13/125    AC: 14    Str: 30    XL:     12   Next: 19%
Magic:  0/12       EV: 19    Int:  8    God:    Trog [******]
Gold:   804        SH:  0    Dex: 11    Spells: 11/11 levels left

rFire    . . .     SeeInvis .   a - +8 bardiche "Cilulomu" {vorpal, Str+6}
rCold    + . .     Faith    .   (shield currently unavailable)
rNeg     . . .     Spirit   +   (armour unavailable)
rPois    .         Reflect  .   (helmet restricted)
rElec    .         Harm     .   j - +0 cloak
rCorr    .         Rampage  .   k - +0 pair of gloves
Will     .....     NoTele   +   (no boots)
Stlth    ++........             v - amulet of guardian spirit
HPRegen  0.30/turn              o - +4 ring of protection
MPRegen  0.13/turn              m - +2 ring of evasion

@: on berserk cooldown, hasted, very quick
A: breathe frost, AC +8, unfitting armour, cold resistance 1, cold-blooded
a: Breathe Frost, Renounce Religion, Berserk, Trog's Hand, Brothers in Arms


You were in the Dungeon.
You worshipped Trog.
Trog was exalted by your worship.
You visited 1 branch You collected 1949 gold pieces.
You spent 1145 gold pieces at shops.

Inventory:

Hand Weapons
 a - the +8 bardiche "Cilulomu" (weapon) {vorpal, Str+6}
   (Trog gifted it to you in the Dungeon)

   It inflicts extra damage upon your enemies.
   It affects your strength (+6).
Missiles
 s - 3 curare-tipped darts
 t - 4 javelins
Armour
 j - a +0 cloak (worn)
 k - a +0 pair of gloves (worn)
Jewellery
 m - a +2 ring of evasion (right hand)
 o - a +4 ring of protection (left hand)
 v - an amulet of guardian spirit (around neck)
 y - a ring of willpower
 z - a ring of ice
 A - a ring of positive energy
Wands
 i - a wand of iceblast (10)
 u - a wand of mindburst (6)
 x - a wand of flame (16)
Scrolls
 g - 4 scrolls of blinking
 l - a scroll of fog
 p - 2 scrolls of identify
 q - 6 scrolls of fear
 r - a scroll of holy word
 w - a scroll of acquirement
Potions
 b - 6 potions of curing
 c - 12 potions of heal wounds
 d - 2 potions of haste
 e - 4 potions of magic
 f - a potion of berserk rage
 h - a potion of invisibility
 n - a potion of might


   Skills:
 + Level 17.5 Fighting
 + Level 20.7 Polearms
 + Level 13.1 Dodging
 + Level 4.3 Stealth


You had 11 spell levels left.
You didn't know any spells.
Your spell library was empty.

Dungeon Overview and Level Annotations

Branches:
Dungeon (1/1)

Altars:
Cheibriados
Dithmenos
Elyvilon
Fedhas
Gozag
Hepliaklqana
Kikubaaqudgha
Makhleb
Nemelex Xobeh
Okawaru
Qazlal
Ru
Sif Muna
Trog
Uskayaw
Vehumet
Wu Jian
Xom
Yredelemnul
Zin
The Shining One
Beogh
Jiyva
Lugonu

Shops:
D *=:*


Innate Abilities, Weirdness & Mutations

You can breathe waves of freezing cold which knock back foes.
Your icy white scales are hard. (AC +8)
You cannot fit into any form of body armour.
Your flesh is cold resistant. (rC+)
You are cold-blooded and may be slowed by cold attacks.


Message History

The white very ugly thing freezes your cyclops!!
Your cyclops dies!
Your cyclops's corpse disappears in a puff of smoke!
You see here a +2 plate armour.
You see here a +2 scale mail of cold resistance.
You see here +1 fire dragon scales.
You see here a +3 chain mail.
You see here a +1 tower shield.
You see here a +1 giant spiked club.
You feel yourself speed up.
You see here a +0 hand crossbow.
You see here a +3 quick blade.
You see here the +1 dagger "Beetleslayer" {vorpal, Str+4 Dex+4}.
You see here a +1 great sword.
You see here a +1 glaive.
You see here a +1 great sword.
You see here a +1 double sword.
You see here a ring of wizardry.
You're still recovering from your berserk rage.
You completely miss the white very ugly thing.
You tail-slap the white very ugly thing.
The white very ugly thing is lightly wounded.
The white very ugly thing tentacle-slaps you!
The white very ugly thing freezes you!! You resist.
* * * LOW HITPOINT WARNING * * *
You slice the white very ugly thing!!
The white very ugly thing is moderately wounded.
The white very ugly thing tentacle-slaps you!!
* * * LOW HITPOINT WARNING * * *
The white very ugly thing freezes you! You resist.
* * * LOW HITPOINT WARNING * * *
Unknown command.
You feel yourself speed up.
The white very ugly thing barely misses you.
Unknown command.
You feel much better.
The white very ugly thing tentacle-slaps you!!
* * * LOW HITPOINT WARNING * * *
The white very ugly thing freezes you!! You resist.
You die...

▓.......'.....[.)=....)†....
▓▓▓▓▓▓▓▓▓▓▓▓▓▓▓▓▓▓▓▓▓▓▓▓▓▓▓▓
▓...........................
▓.▓▓▓▓▓▓▓▓▓▓▓▓▓▓▓▓▓▓▓▓▓▓▓▓▓▓
▓............)))).).)))....)
▓▓▓▓▓▓▓▓▓▓▓▓▓▓▓▓▓▓▓▓▓▓▓▓▓▓▓▓
▓...........................
▓.▓▓▓▓▓▓▓▓▓▓▓▓▓▓▓▓▓▓▓▓▓▓▓▓▓▓
▓.........'@u...)))))))).[[[
▓▓▓▓▓▓▓▓▓▓▓▓▓▓▓▓▓▓▓▓▓▓▓▓▓▓▓▓


You could see a white very ugly thing.

Vanquished Creatures
  A fire dragon (D)
  An ettin (D)
  An ogre mage (D)
  2 centaur warriors (D)
  Urug (D)
  Sonja (D)
  A deep troll (D)
  An orc knight (D)
  A deep elf pyromancer (D)
  An ugly thing (D)
  An orc sorcerer (D)
  A cyclops (D)
  A black mamba (D)
  Joseph (D)
  3 cane toads (D)
  2 komodo dragons (D)
  A rime drake (D)
  Psyche (D)
  3 trolls (D)
  2 polar bears (D)
  A blink frog (D)
  A wraith (D)
  2 yaks (D)
  2 basilisks (D)
  Grum (D)
  4 water moccasins (D)
  6 black bears (D)
  13 orc warriors (D)
  5 wolves (D)
  2 bullfrogs (D)
  A scorpion (D)
  A killer bee (D)
  A howler monkey (D)
  3 orc wizards (D)
  An adder zombie (D)
  8 orcs (D)
  A bat skeleton (D)
  A bat zombie (D)
  A goblin (D)
  2 jackals (D)
  2 bats (D)
  A frilled lizard (D)
  A giant cockroach zombie (D)
88 creatures vanquished.

Vanquished Creatures (collateral kills)
  An ogre mage (D)
  A hydra (D)
  A boulder beetle (D)
  A tengu warrior (D)
  3 deep trolls (D)
  An ugly thing (D)
  4 trolls (D)
  A slime creature (D)
  A basilisk (D)
14 creatures vanquished.

Grand Total: 102 creatures vanquished

Notes
Turn   | Place    | Note
-------+----------+-------------------------------------------
     0 | D        | mhtbhm the Draconian Berserker began the quest for the Orb.
     0 | D        | Reached XP level 1. HP: 19/19 MP: 1/1
    13 | D        | Reached ** piety under Trog
    98 | D        | Noticed a scorpion
   107 | D        | Killed a scorpion
   107 | D        | Reached *** piety under Trog
   108 | D        | Reached skill level 5 in Fighting
   108 | D        | Reached skill level 5 in Polearms
   108 | D        | Reached XP level 2. HP: 30/30 MP: 2/2
   108 | D        | Reached XP level 3. HP: 37/37 MP: 3/3
   112 | D        | Reached XP level 4. HP: 44/44 MP: 4/4
   155 | D        | Found a snail-covered altar of Cheibriados.
   155 | D        | Found a shadowy altar of Dithmenos.
   155 | D        | Found a white marble altar of Elyvilon.
   155 | D        | Found a blossoming altar of Fedhas.
   155 | D        | Found an opulent altar of Gozag.
   156 | D        | Found a hazy altar of Hepliaklqana.
   157 | D        | Found a viscous altar of Jiyva.
   158 | D        | Found an ancient bone altar of Kikubaaqudgha.
   159 | D        | Found a corrupted altar of Lugonu.
   160 | D        | Found a burning altar of Makhleb.
   161 | D        | Found a sparkling altar of Nemelex Xobeh.
   162 | D        | Found an iron altar of Okawaru.
   163 | D        | Found a stormy altar of Qazlal.
   164 | D        | Found a sacrificial altar of Ru.
   165 | D        | Found a shimmering blue altar of Sif Muna.
   166 | D        | Found a bloodstained altar of Trog.
   167 | D        | Found a hide-covered altar of Uskayaw.
   168 | D        | Found a radiant altar of Vehumet.
   169 | D        | Found an ornate altar of the Wu Jian Council.
   170 | D        | Found a shimmering altar of Xom.
   171 | D        | Found a basalt altar of Yredelemnul.
   172 | D        | Found a glowing silver altar of Zin.
   173 | D        | Found a glowing golden altar of the Shining One.
   214 | D        | Noticed a wraith
   214 | D        | Noticed an orc warrior
   214 | D        | Noticed a yak
   217 | D        | Reached **** piety under Trog
   218 | D        | Reached skill level 6 in Polearms
   218 | D        | Reached skill level 5 in Dodging
   223 | D        | Killed a wraith
   224 | D        | Reached skill level 8 in Polearms
   224 | D        | Reached XP level 5. HP: 56/56 MP: 5/5
   226 | D        | Killed an orc warrior
   227 | D        | Reached skill level 9 in Polearms
   227 | D        | Reached XP level 6. HP: 63/63 MP: 6/6
   231 | D        | Killed a yak
   232 | D        | Reached skill level 10 in Polearms
   232 | D        | Reached skill level 1 in Stealth
   232 | D        | Your scales start taking on an icy white colour.
   232 | D        | Reached XP level 7. HP: 71/71 MP: 7/7
   232 | D        | Gained mutation: Your flesh is cold resistant. (rC+) [White
                  | Draconian growth]
   232 | D        | Reached ***** piety under Trog
   315 | D        | Noticed a deep elf pyromancer
   315 | D        | Noticed a centaur warrior
   315 | D        | Noticed a tengu warrior
   315 | D        | Noticed a five-headed hydra
   315 | D        | Noticed a slime creature
   315 | D        | Noticed a basilisk
   326 | D        | Noticed a fire elemental
   326 | D        | Killed a deep elf pyromancer
   327 | D        | Reached skill level 11 in Polearms
   329 | D        | Killed a centaur warrior
   330 | D        | Reached skill level 12 in Polearms
   330 | D        | Reached XP level 8. HP: 56/83 MP: 8/8
   336 | D        | Killed a tengu warrior
   337 | D        | Reached skill level 13 in Polearms
   337 | D        | Reached XP level 9. HP: 36/91 MP: 9/9
   337 | D        | Killed a five-headed hydra
   337 | D        | Received a gift from Trog
   338 | D        | Reached skill level 10 in Dodging
   608 | D        | Noticed Joseph
   620 | D        | Killed Joseph
   621 | D        | Reached skill level 14 in Polearms
   887 | D        | Noticed a cane toad
   887 | D        | Noticed a black mamba
   895 | D        | Killed a cane toad
   899 | D        | Killed a black mamba
   899 | D        | Noticed a komodo dragon
   905 | D        | Reached skill level 15 in Polearms
   913 | D        | Killed a komodo dragon
   913 | D        | Received a gift from Trog
   914 | D        | Reached XP level 10. HP: 94/103 MP: 10/10
  1073 | D        | Noticed a cane toad
  1080 | D        | Noticed a cane toad
  1088 | D        | Reached skill level 16 in Polearms
  1090 | D        | Reached ****** piety under Trog
  1095 | D        | Killed a cane toad
  1100 | D        | Killed a cane toad
  1107 | D        | Received a gift from Trog
  1154 | D        | Reached skill level 17 in Polearms
  1159 | D        | Reached skill level 15 in Fighting
  1215 | D        | Noticed Sonja
  1219 | D        | Killed Sonja
  1219 | D        | Identified the +8 bardiche "Cilulomu" {vorpal, Str+6} (Trog
                  | gifted it to you in the Dungeon)
  1219 | D        | Received a gift from Trog
  1303 | D        | Noticed Urug
  1304 | D        | Noticed Psyche
  1312 | D        | Killed Urug
  1313 | D        | Reached XP level 11. HP: 113/113 MP: 11/11
  1315 | D        | Killed Psyche
  1402 | D        | Noticed an orc knight
  1406 | D        | Received a gift from Trog
  1412 | D        | Killed an orc knight
  1413 | D        | Reached skill level 18 in Polearms
  1423 | D        | Received a gift from Trog
  1658 | D        | Received a gift from Trog
  1666 | D        | Noticed an orc sorcerer
  1674 | D        | Killed an orc sorcerer
  1675 | D        | Received a gift from Trog
  1727 | D        | Found Ifydum's General Store.
  1727 | D        | Noticed a deep troll
  1727 | D        | Noticed an ogre mage
  1742 | D        | Noticed a deep troll
  1746 | D        | Killed a deep troll
  1748 | D        | Reached skill level 19 in Polearms
  1753 | D        | Killed an ogre mage
  1753 | D        | Received a gift from Trog
  1755 | D        | Killed a deep troll
  1761 | D        | Noticed a deep troll
  1765 | D        | Killed a deep troll
  2050 | D        | Found Deum's Jewellery Shoppe.
  2054 | D        | Found Xyoff's Book Emporium.
  2058 | D        | Found Qoipoumu's General Store.
  2061 | D        | Noticed an ettin
  2063 | D        | Noticed a deep troll
  2067 | D        | Killed an ettin
  2067 | D        | Received a gift from Trog
  2073 | D        | Killed a deep troll
  2108 | D        | Bought a scroll of identify for 24 gold pieces
  2108 | D        | Bought a wand of mindburst (6) for 120 gold pieces
  2114 | D        | Bought an amulet of guardian spirit for 330 gold pieces
  2114 | D        | Bought a scroll of acquirement for 572 gold pieces
  2114 | D        | Bought a wand of flame (16) for 99 gold pieces
  2262 | D        | Noticed Grum
  2274 | D        | Killed Grum
  2275 | D        | Reached skill level 20 in Polearms
  2421 | D        | Noticed a centaur warrior
  2421 | D        | Noticed a white ugly thing
  2421 | D        | Noticed an ogre mage
  2421 | D        | Noticed a fire dragon
  2421 | D        | Noticed a boulder beetle
  2422 | D        | Noticed a purple ugly thing
  2425 | D        | Killed a centaur warrior
  2431 | D        | Killed a white ugly thing
  2432 | D        | Reached XP level 12. HP: 125/125 MP: 8/12
  2436 | D        | Killed an ogre mage
  2436 | D        | Received a gift from Trog
  2436 | D        | Noticed a vampire mage
  2440 | D        | Killed a fire dragon
  2444 | D        | Noticed a fire dragon
  2450 | D        | Killed a boulder beetle
  2460 | D        | Noticed a white very ugly thing
  2481 | D        | HP: 4/125 [white very ugly thing (13)]
  2483 | D        | Mangled by a white very ugly thing

Illustrated notes

Levels and vault maps discovered:
D:        linesprint [early_d, line_temple, items_1, d_10, items_2, lair_1,
          lair_end, items_3, orc_1, orc_end, items_4, d_15, swamp_1, shoals_1,
          snake_1, spider_1, d_20, vaults_1, items_5, swamp_end, shoals_end,
          snake_end, spider_end, vaults_end, d_27, items_6, zot_1, zot_end,
          crypt_end, forest_end, elf_end, slime_end, tomb_end, abyss_end,
          pan_hell_end]

Skill      XL: |  1  2  3  4  5  6  7  8  9 10 11 12 |
---------------+-------------------------------------+-----
Dodging        | 4 6 7 9 11 12 13 | 13.1
Fighting       | 5 8 9 12 14 15 17 | 17.5
Polearms       | 5 8 9 10 12 13 15 17 20 | 20.7
Stealth        | 1 2 3 4 |  4.3

Action                   |  1- 3 |  4- 6 |  7- 9 | 10-12 || total
-------------------------+-------+-------+-------+-------++-------
Melee: Spear             |    25 |     6 |       |       ||    31
       Tailslap          |     3 |     3 |     3 |    25 ||    34
       Halberd           |       |    16 |    46 |    53 ||   115
       Bardiche          |       |       |       |   118 ||   118
Invok: Berserk           |     2 |     1 |     2 |     9 ||    14
       Brothers in Arms  |       |       |     1 |     3 ||     4
 Abil: Breathe Frost     |       |       |       |     3 ||     3
  Use: Potion            |       |       |       |     2 ||     2
Armor: Skin              |     5 |     4 |    13 |    32 ||    54
Dodge: Dodged            |     7 |    14 |    19 |   104 ||   144

Table legend: (Time is in decaauts)
 A = Elapsed time spent in this place.
 B = Non-inter-level travel time spent in this place.
 C = Inter-level travel time spent in this place.
 D = Time resting spent in this place.
 E = Time spent auto-exploring this place.
 F = Levels seen in this place.
 G = Mean time per level.
                   A        B        C        D        E       F      G
               +--------+--------+--------+--------+--------+-----+--------+
         Total |   2559 |   2559 |      0 |   1314 |    470 |   1 | 2559.0 |
       Dungeon |   2559 |   2559 |      0 |   1314 |    470 |   1 | 2559.0 |
               +--------+--------+--------+--------+--------+-----+--------+

Top non-repeatable levels by time:
       D: 2559 daAuts
